Map: Eternal Empire LE

Players

BerryRAWR - Winner!

  • Race: Terran Terran
  • League: Grandmaster
  • Spawn Location: 7:00

DoomDrops

  • Race: Terran Terran
  • League: Master
  • Spawn Location: 1:00

VOD

Have the link to the VOD?

Description

Time

  • Played on: Feb. 29, 2020, 12:14 a.m.
  • Length: 15:37
Show
View Real Time Build Order
Export as new Build Order

BerryRAWR Terran - Winner!

Build Orders: Liberator Opening 

Get SALT Encoding   

  12  0:01  SCV  
  13  0:13  SCV  
  14  0:19  Supply Depot  
  14  0:25  SCV  
  15  0:30  Refinery  
  15  0:41  SCV  
  16  0:46  Barracks  
  16  0:53  SCV  
  17  0:57  Refinery  
  17  1:05  SCV  
  18  1:17  SCV  
  19  1:33  Reaper, Orbital Command  
  19  1:38  Factory  
  20  1:52  Supply Depot  
  20  2:00  SCV  
  21  2:09  Reaper  
  22  2:20  SCV  
  23  2:24  Hellion  
  25  2:32  Starport  
  25  2:33  SCV  
  26  2:45  SCV, Reaper  
  26  2:49  Hellion  
  30  2:56  Supply Depot  
  30  2:57  SCV  
  31  3:17  SCV, Hellion  
  31  3:18  Reaper  
  35  3:28  Liberator  
  35  3:29  SCV  
  39  4:02  Barracks Reactor, Supply Depot, Factory Tech Lab  
  39  4:06  Command Center  
  39  4:11  Starport Tech Lab  
  39  4:19  SCV  
  36  4:25  Supply Depot  
  36  4:27  Siege Tank  
  38  4:31  SCV  
  39  4:41  Marine  
  39  4:42  Marine  
  39  4:43  SCV  
  42  4:46  Bunker  
  42  4:49  Refinery  
  42  4:59  Raven, Marine x2  
  41  5:07  SCV  
  42  5:17  Marine x2  
  44  5:25  Orbital Command  
  41  5:28  Siege Tank  
  41  5:32  SCV  
  41  5:35  Marine x2  
  44  5:44  SCV  
  45  5:52  SCV  
  45  5:53  Marine x2  
  45  5:55  Command Center  
  45  5:56  SCV  
  49  5:59  Raven  
  51  6:04  Refinery  
  51  6:05  SCV  
  51  6:08  SCV  
  51  6:10  Siege Tank  
  56  6:11  Marine x2  
  56  6:17  SCV  
  59  6:20  SCV  
  60  6:29  SCV  
  61  6:32  SCV  
  61  6:34  Marine x2  
  64  6:41  SCV  
  64  6:42  Siege Tank  
  64  6:45  SCV  
  69  6:48  Barracks x2  
  69  6:53  SCV  
  70  6:56  Starport Reactor  
  70  7:00  Barracks  
  70  7:03  Barracks  
  70  7:06  SCV x2  
  70  7:12  Orbital Command  
  70  7:14  Siege Tank  
  73  7:18  SCV x2  
  75  7:27  Stimpack, Marine  
  75  7:30  SCV x2  
  75  7:32  Orbital Command  
  77  7:37  Barracks Tech Lab x2  
  77  7:43  SCV x2  
  79  7:44  Starport Reactor  
  79  7:50  Marauder  
  81  7:52  Marine x2  
  81  7:58  SCV  
  84  7:59  SCV  
  85  8:05  Command Center  
  85  8:07  SCV, Engineering Bay  
  85  8:08  Engineering Bay  
  85  8:09  Siege Tank  
  84  8:20  Combat Shield, Marauder x2, Marine  
  84  8:21  Concussive Shells  
  84  8:26  SCV x2, Supply Depot x2, Marauder, Marine  
  90  8:27  SCV  
  91  8:38  SCV x2  
  93  8:47  Marine x4  
  93  8:48  SCV, Medivac x2, Marauder  
  104  8:54  Marauder, Marine  
  104  8:55  SCV  
  95  8:56  SCV  
  96  9:04  SCV  
  96  9:05  Marine x2  
  96  9:06  Marauder  
  96  9:09  Marauder  
  103  9:10  Supply Depot  
  103  9:11  Terran Infantry Weapons Level 1, Terran Infantry Armor Level 1  
  103  9:12  Supply Depot  
  103  9:14  Armory, SCV x2  
  103  9:15  Marine  
  103  9:16  Marauder  
  108  9:19  Siege Tank  
  111  9:24  Marine x2  
  111  9:25  SCV  
  111  9:26  SCV  
  111  9:27  Marauder  
  111  9:31  Marauder  
  119  9:32  Supply Depot  
  119  9:34  SCV  
  119  9:37  Marauder  
  119  9:38  SCV  
  123  9:39  SCV  
  123  9:42  Marine x2  
  126  9:48  SCV, Starport  
  126  9:49  Starport  
  126  9:50  SCV  
  126  9:51  Refinery x2  
  122  10:11  Marauder x2, Marine x2  
  114  10:14  Siege Tank  
  114  10:15  Marauder, Marine x2  
  114  10:16  SCV x2  
  123  10:25  SCV  
  123  10:26  Planetary Fortress  
  124  10:29  Marine x2  
  124  10:31  Starport Tech Lab  
  124  10:32  Starport Reactor, Missile Turret  
  124  10:33  Terran Ship Weapons Level 1, Marauder  
  124  10:35  Armory  
  128  10:37  Refinery  
  128  10:38  Refinery  
  128  10:44  Medivac x2, Command Center  
  128  10:48  Marauder, Marine x2  
  128  10:49  Marauder  
  138  10:52  Corvid Reactor  
  138  10:53  Raven  
  138  10:56  SCV  
  138  10:57  SCV x2  
  142  11:02  Missile Turret  
  143  11:05  SCV  
  143  11:09  SCV x2  
  143  11:10  Supply Depot  
  146  11:11  Supply Depot x2  
  146  11:22  Marauder  
  148  11:26  Command Center  
  148  11:31  Terran Vehicle And Ship Armor Level 1, Marine, Terran Infantry Weapons Level 2  
  148  11:32  Viking x2, Marauder  
  155  11:33  Marauder  
  155  11:34  Terran Infantry Armor Level 2  
  157  11:41  Raven  
  157  11:42  Viking x2  
  163  11:48  Supply Depot  
  163  11:50  Supply Depot  
  163  11:52  Supply Depot  
  163  11:58  Starport  
  163  11:59  Starport  
  163  12:03  Command Center  
  162  12:17  Viking x4  
  162  12:18  Smart Servos  
  162  12:20  Siege Tank  
  173  12:28  Raven  
  175  12:32  Terran Ship Weapons Level 2  
  175  12:40  Command Center  
  175  12:46  Planetary Fortress  
  175  12:48  Unknown  
  175  12:50  Sensor Tower  
  175  12:52  Viking x2  
  175  12:53  Starport Tech Lab  
  175  12:54  Starport Reactor  
  175  12:57  Missile Turret  
  175  12:58  Missile Turret  
  176  13:07  Marine x2  
  176  13:08  Marauder x3, Marine x2  
  176  13:09  Viking x2  
  176  13:11  Viking  
  191  13:25  Marine x2  
  191  13:31  Viking x4  
  195  14:00  Command Center  
  195  14:02  Raven, Command Center  
  177  14:03  Raven  
  161  14:10  Marine x2  
  161  14:11  Marauder x3, Marine x2  
  161  14:14  Orbital Command  
  169  14:22  Orbital Command  
  168  14:25  Siege Tank  
  168  14:28  Marine x4  
  168  14:29  Liberator  
  168  14:30  Liberator  
  181  14:31  Liberator  
  181  14:32  Marauder x3  
  177  14:46  Marine x3  
  176  14:53  Marauder x2  
  176  14:57  Siege Tank  
  183  15:06  Viking x5  
  193  15:07  Marine x2  
  193  15:08  Marauder  
Show
View Real Time Build Order
Export as new Build Order

DoomDrops Terran 

Build Orders: Mech 

Get SALT Encoding   

  12  0:00  SCV  
  14  0:16  Supply Depot  
  14  0:18  SCV  
  14  0:40  Barracks  
  14  0:42  Refinery  
  14  0:55  Barracks  
  14  0:59  SCV  
  16  1:11  SCV  
  17  1:26  Orbital Command  
  17  1:27  Reaper  
  17  1:32  Refinery  
  17  1:42  Reaper  
  18  1:52  SCV  
  19  1:59  Reaper  
  20  2:04  SCV  
  20  2:05  Supply Depot  
  19  2:16  Reaper  
  19  2:17  SCV  
  21  2:29  SCV  
  22  2:30  Factory  
  22  2:36  Reaper  
  23  2:53  Reaper  
  23  2:54  SCV  
  25  3:06  SCV  
  25  3:08  Command Center  
  26  3:14  Factory Tech Lab  
  26  3:18  SCV  
  27  3:31  SCV  
  28  3:35  Cyclone  
  28  3:37  Mag-Field Accelerator  
  31  3:52  Factory  
  31  3:55  Supply Depot  
  31  4:05  SCV  
  31  4:07  Cyclone  
  35  4:17  SCV  
  35  4:22  Orbital Command  
  35  4:29  SCV  
  36  4:36  Refinery  
  36  4:41  SCV  
  37  4:49  SCV  
  38  4:53  SCV, Factory Reactor  
  38  4:54  Cyclone  
  42  5:01  SCV  
  38  5:13  SCV x2  
  39  5:25  SCV  
  40  5:41  SCV x2  
  40  5:42  Refinery  
  40  5:50  Command Center  
  40  5:51  Siege Tank  
  40  5:53  SCV  
  40  5:56  Starport  
  44  5:59  SCV  
  44  6:02  Factory Tech Lab  
  45  6:06  SCV  
  46  6:11  SCV  
  46  6:14  Barracks Tech Lab  
  47  6:18  SCV  
  47  6:20  Factory  
  47  6:23  SCV  
  49  6:28  Siege Tank  
  49  6:31  SCV  
  53  6:35  SCV  
  54  6:42  Supply Depot  
  54  6:43  SCV  
  54  6:45  Viking x2  
  59  6:48  SCV  
  60  6:55  SCV  
  60  7:00  SCV  
  62  7:07  SCV  
  63  7:11  Siege Tank x2  
  63  7:12  SCV  
  63  7:14  Orbital Command  
  69  7:30  SCV x2  
  69  7:32  Siege Tank  
  69  7:33  Viking x2  
  69  7:36  Supply Depot  
  78  7:45  Orbital Command  
  78  7:51  Siege Tank  
  78  7:52  Siege Tank  
  78  7:53  SCV  
  78  7:57  SCV  
  86  7:58  Supply Depot  
  83  8:18  Orbital Command  
  83  8:22  Siege Tank  
  83  8:23  Viking x2  
  83  8:24  SCV x2  
  92  8:37  Siege Tank  
  92  8:38  Siege Tank  
  98  8:44  Armory  
  98  8:45  SCV x2, Armory  
  100  9:00  SCV  
  100  9:02  Refinery  
  101  9:04  Refinery  
  101  9:05  SCV x2, Supply Depot x2  
  103  9:11  Siege Tank x2  
  109  9:19  Factory  
  109  9:20  Factory  
  109  9:25  Supply Depot  
  109  9:27  SCV x3  
  109  9:28  Supply Depot  
  112  9:33  Terran Vehicle And Ship Armor Level 1  
  112  9:34  Terran Vehicle Weapons Level 1  
  112  9:37  Engineering Bay  
  112  9:39  SCV x2, Supply Depot  
  112  9:44  Supply Depot  
  112  9:45  SCV, Supply Depot  
  115  9:51  SCV x2  
  117  9:53  Siege Tank  
  120  10:03  Starport Reactor, Starport  
  114  10:19  Factory Reactor x2, Sensor Tower, Siege Tank  
  117  10:26  Command Center  
  117  10:30  SCV x2  
  117  10:31  SCV  
  117  10:34  Supply Depot  
  120  10:42  SCV, Liberator x2  
  120  10:43  SCV, Viking  
  130  10:53  Missile Turret  
  130  10:55  Missile Turret x2  
  130  11:00  Siege Tank x2  
  136  11:07  Missile Turret  
  136  11:08  Missile Turret x2  
  136  11:09  Hellion x4  
  144  11:17  Missile Turret x2  
  150  11:29  Viking  
  150  11:30  Viking x2  
  150  11:31  Viking  
  158  11:39  Hellion  
  163  11:40  Hellion x3, Infernal Pre-Igniter  
  163  11:56  Thor x2  
  165  12:26  Siege Tank  
  165  12:27  Hellion x4  
  176  12:39  Siege Tank  
  179  12:50  Siege Tank  
  182  12:58  Siege Tank  
  183  13:11  Siege Tank  
  186  13:27  Siege Tank  
  187  13:35  Supply Depot  
  187  13:36  Supply Depot  
  187  13:37  Supply Depot  
  187  13:42  Siege Tank  
  187  13:44  Siege Tank  
  187  13:59  Siege Tank  
  176  14:17  Siege Tank x2  
  176  14:18  Hellion x4  
  176  14:19  Viking x4  
  198  14:24  Starport  
  184  14:49  Siege Tank  
  167  14:53  Thor x2  
  167  14:55  Viking x2  
  120  15:34  Unknown  
  120  15:35  Refinery  
Tags
 
Add a new tag
Caveats
  • Supply blocks, unpowered buildings, or Contaminate may cause inaccurate times.
  • Supply counts are checked every 10 seconds.